 Dungeon Crawl Stone Soup version 0.22.1-2-g9c5b331 (webtiles) character file.

106793 Fang the Severer (level 16, -3/110 HPs)
             Began as a Gargoyle Berserker on Nov 15, 2018.
             Was a High Priest of Trog.
             Slain by a 19-headed hydra (7 damage)
             ... called by a spriggan druid
             ... on level 2 of the Swamp.
             The game lasted 00:49:15 (30669 turns).

Fang the Severer (Gargoyle Berserker)              Turns: 30669, Time: 00:49:15

Health: -3/110     AC: 49    Str: 31    XL:     16   Next: 45%
Magic:  0/14       EV: 17    Int: 17    God:    Trog [*****.]
Gold:   2220       SH:  0    Dex: 16    Spells: 15/15 levels left

rFire    + . .     SeeInvis +   C - +1 hand axe of the Pits of Slime {protect, +Blink +Inv rC+}
rCold    + . .     Gourm    .   (no shield)
rNeg     + + +     Faith    .   B - +8 plate armour
rPois    ∞         Spirit   +   r - +2 helmet
rElec    +         Reflect  .   I - +1 cloak of Oxiluamp {*Contam rPois rN++ Int+8}
rCorr    .         Harm     .   (no gloves)
MR       +....     Clarity  +   p - +1 pair of boots of Gousm {rF+ Dex+7 Stlth+}
Stlth    ..........             Y - amulet of guardian spirit
HPRegen  0.28/turn              O - ring of see invisible
MPRegen  0.14/turn              U - +4 ring of evasion

@: berserk cooldown, flying, slowed, very slow
A: big wings, iridescent scales 1, yellow scales 1, blurry vision 1, clarity,
clever 1, low mp 1, negative energy resistance 1, electricity resistance, strong
1, unbreathing, petrification resistance, rot immunity, AC +12
a: Stop Flying, Berserk, Trog's Hand, Brothers in Arms, Renounce Religion, Evoke
Blink, Evoke Invisibility


You were on level 2 of the Swamp.
You worshipped Trog.
Trog was extremely pleased with you.
You were not hungry.

You visited 5 branches of the dungeon, and saw 26 of its levels.
You also visited: Bailey.

You collected 2220 gold pieces.

Inventory:

Hand Weapons
 k - a +4 antimagic battleaxe
 q - a +0 war axe of freezing
 C - the +1 hand axe of the Pits of Slime (weapon) {protect, +Blink +Inv rC+}
   (You found it on level 11 of the Dungeon)

   It protects the one who uses it against injury (+AC on strike).
   It protects you from cold.
   It lets you turn invisible.
   It lets you blink.
 D - a +4 hand axe of chopping
 E - a +2 hand axe of holy wrath
 P - a +2 executioner's axe of draining
Armour
 p - the +1 pair of boots of Gousm (worn) {rF+ Dex+7 Stlth+}
   (You found it on level 6 of the Lair of Beasts)

   It affects your dexterity (+7).
   It protects you from fire.
   It makes you more stealthy.
 r - a +2 helmet (worn)
 B - a +8 plate armour (worn)
 I - the +1 cloak of Oxiluamp (worn) {*Contam rPois rN++ Int+8}
   (You found it on level 11 of the Dungeon)

   It affects your intelligence (+8).
   It protects you from poison.
   It greatly protects you from negative energy.
   It causes magical contamination when unequipped.
 W - a +0 cloak of magic resistance
Jewellery
 h - an uncursed ring of resist corrosion
 H - an uncursed ring of protection from magic
 K - an uncursed ring of protection from fire
 M - an uncursed ring of stealth
 N - an uncursed amulet of the acrobat
 O - a ring of see invisible (left hand)
 Q - a +5 ring of dexterity
 S - a +3 amulet of reflection
 U - a +4 ring of evasion (right hand)
 Y - an amulet of guardian spirit (around neck)
Wands
 m - a wand of flame (75)
 s - a wand of polymorph (46)
 u - a wand of iceblast (4)
 v - a wand of acid (8)
 y - a wand of disintegration (31)
 A - a wand of enslavement (15)
 L - a wand of random effects (12)
 X - a wand of clouds (4)
Scrolls
 a - 7 scrolls of fear
 b - 7 scrolls of remove curse
 d - 10 scrolls of identify
 g - 2 scrolls of magic mapping
 i - 10 scrolls of teleportation
 j - a scroll of fog
 T - a scroll of brand weapon
 V - a scroll of silence
Potions
 e - 4 potions of cancellation
 f - 14 potions of curing
 l - 5 potions of might
 n - 5 potions of lignification
 o - 2 potions of brilliance
 t - a potion of ambrosia
 w - 3 potions of agility
 x - 8 potions of heal wounds
 z - 3 potions of berserk rage
 F - 5 potions of magic
 G - a potion of invisibility
 J - 2 potions of haste
 R - 2 potions of resistance
Comestibles
 c - 20 rations


   Skills:
 + Level 16.3 Fighting
 + Level 16.6 Axes
 + Level 14.0 Armour
 + Level 7.0 Dodging
 + Level 2.6 Stealth
 + Level 0.6 Unarmed Combat
 + Level 0.2 Evocations


You had 15 spell levels left.
You didn't know any spells.
Your spell library was empty.

Dungeon Overview and Level Annotations

Branches:
Dungeon (15/15)            Temple (1/1) D:5            Lair (6/6) D:9
  Swamp (2/4) Lair:3       Spider (0/4) Lair:2        Slime (0/5) Lair:5
    Orc (2/2) D:11            Elf (0/3) Orc:2        Vaults (0/5) D:14
 Depths (0/5) D:15

Altars:
Ashenzari
Dithmenos
Elyvilon
Fedhas
Gozag
Kikubaaqudgha
Nemelex Xobeh
Qazlal
Ru
Sif Muna
Trog
Vehumet
Wu Jian
Yredelemnul
Beogh
Jiyva

Shops:
D:6 :   Orc:2 :[(*

Annotations:
Lair:1 exclusion: oklob plant


Innate Abilities, Weirdness & Mutations

You are resistant to torment.
Your stone body is resilient. (AC +12)
You are immune to poison.
Your large and strong wings let you fly indefinitely.
You resist negative energy. (rN+)
You are resistant to electric shocks. (rElec)
You can survive without breathing.
You are immune to petrification.
You are immune to rotting.
You are partially covered in iridescent scales. (AC +2)
You are partially covered in yellow scales. (AC +2)
Scrolls take you a little longer to read.
You possess an exceptional clarity of mind.
Your mind is acute. (Int +2)
Your magical capacity is low. (-10% MP)
Your muscles are strong. (Str +2)


Message History

The 19-headed hydra misses you.
The 19-headed hydra bites you but does no damage.
The 19-headed hydra closely misses you.
The 19-headed hydra bites you but does no damage. x2
The 19-headed hydra completely misses you.
The 19-headed hydra misses you. The 19-headed hydra barely misses you.
The 19-headed hydra closely misses you. x2
The 19-headed hydra bites you but does no damage. x3
The 19-headed hydra closely misses you.
The 19-headed hydra bites you but does no damage.
The 19-headed hydra bites you!
* * * LOW HITPOINT WARNING * * *
The 19-headed hydra bites you but does no damage.
The 19-headed hydra bites you!
* * * LOW HITPOINT WARNING * * *
The 19-headed hydra bites you but does no damage. x2
The 19-headed hydra barely misses you. x2
The 19-headed hydra bites you but does no damage.
The 19-headed hydra closely misses you. The 19-headed hydra bites you!
You die...

.♣♣♣♣♣....≈≈. ≈.♣≈≈...≈..≈♣
≈≈...≈≈≈≈≈).♣ ≈≈.≈≈≈≈≈≈≈≈.♣♣
)..≈≈≈≈≈.≈≈≈≈♣ ♣≈.≈≈..§...♣♣♣ ♣♣♣
♣≈≈≈..§≈..≈♣ ♣♣≈♣ ♣♣ ♣≈.≈.....D.♣
♣≈.. ♣≈♣♣♣♣♣♣♣♣♣♣♣.§≈@.♣ ♣♣♣ ♣♣.≈
♣....♣≈...♣♣♣.≈≈≈≈♣ ♣≈♣♣ ♣♣..
.>........≈♣§..≈.♣♣ ♣♣♣§≈♣ ♣.♣♣
..........♣.....≈♣ ♣♣...≈♣♣♣♣♣≈♣
.≈≈≈♣≈<.....≈≈≈.♣♣♣♣≈...♣♣≈≈♣♣♣♣♣
≈≈≈≈.≈≈≈.≈..≈≈≈≈≈♣♣≈≈...♣♣§≈..≈♣♣
.≈...≈≈≈...≈≈≈≈≈.♣♣.≈.♣♣≈.≈≈...≈.
...♣♣♣.≈≈≈.........≈≈.♣♣♣≈.≈♣.≈≈.
...♣ ...≈≈≈≈......≈≈≈≈.♣♣♣♣♣♣♣♣♣♣


You could see a 19-headed hydra.

Vanquished Creatures
  Gastronok (Orc:1)
  An orc warlord (Orc:2)
  Snorg (D:12)
  Josephine (D:12)
  Erolcha (D:12)
  5 hydras
  A catoblepas (Lair:6)
  A vault guard (D:14)
  2 centaur warriors
  6 alligators
  6 death yaks (Lair:6)
  3 two-headed ogres
  An orc high priest (Orc:2)
  3 unseen horrors
  A deep troll (D:15)
  A wizard (D:15)
  A spriggan druid (Swamp:2)
  A swamp dragon (Swamp:2)
  The ghost of buriedalive the Nimble, a novice DEFE (D:8)
  3 orc knights (Orc:2)
  A deep elf archer (D:15)
  A harpy (shapeshifter) (D:15)
  A shambling mangrove (Swamp:1)
  Pikel (D:5)
  A wolf spider (Lair:6)
  3 orc sorcerers (Orc:2)
  An orb spider (Lair:2)
  4 deep elf magi
  5 ugly things (D:15)
  A guardian serpent (Lair:6)
  4 elephants (Lair:5)
  7 cyclopes
  Maurice (D:8)
  Joseph (D:8)
  11 black mambas
  21 spiny frogs
  2 gargoyles
  4 centaur skeletons
  4 rime drakes
  A kobold demonologist (D:11)
  2 yaktaurs
  An efreet (D:15)
  7 komodo dragons
  8 trolls
  A tengu conjurer (D:15)
  A meliai (D:13)
  A polar bear (Lair:5)
  5 hornets
  A hornet (shapeshifter) (D:13)
  Prince Ribbit (D:9)
  4 bog bodies
  A merfolk (D:14)
  A dream sheep (shapeshifter) (D:15)
  3 tyrant leeches
  9 hippogriffs
  7 dream sheep (Lair:6)
  A meliai zombie (D:13)
  2 shadows
  2 redbacks (Lair:6)
  4 spriggans
  31 yaks
  17 wyverns
  6 wraiths
  A basilisk (shapeshifter) (D:13)
  4 basilisks
  21 vampire mosquitoes
  5 hungry ghosts
  6 swamp worms
  An insubstantial wisp (Lair:1)
  2 wargs
  16 water moccasins
  Edmund (D:5)
  An acid dragon (D:13)
  4 swamp drakes
  2 sky beasts
  4 black bears
  3 ice beasts
  6 porcupines
  A hornet zombie (D:14)
  23 orc warriors
  An eye of draining (D:10)
  4 necrophages
  2 slaves (D:5)
  6 ogres
  3 phantoms
  5 wolves (Lair:1)
  11 centaurs
  10 crocodiles
  6 big kobolds
  6 bullfrogs
  A wyvern zombie (D:10)
  A water moccasin skeleton (D:4)
  6 scorpions
  9 killer bees
  7 wights
  3 howler monkeys
  2 electric eels (Lair:3)
  7 crimson imps
  4 centaur zombies
  3 hounds
  A bullfrog zombie (D:11)
  A jelly (D:13)
  2 quasits
  3 bullfrog skeletons
  13 orc priests
  18 orc wizards
  Natasha (thrice) (D:2)
  13 worker ants
  A hound zombie (D:9)
  A mummy (D:7)
  A howler monkey zombie (D:8)
  20 gnolls
  12 adders
  4 shadow imps
  An ooze (D:5)
  3 adder skeletons
  3 worms
  2 dart slugs
  4 leopard geckos
  63 orcs
  2 ball pythons
  7 bats
  4 giant cockroaches
  8 goblins
  25 hobgoblins
  10 jackals
  23 kobolds
  8 quokkas
  4 frilled lizards
  A jackal skeleton (D:7)
  A leopard gecko skeleton (D:5)
  A quokka skeleton (D:5)
  A quokka zombie (D:7)
  8 rats
  3 fungi
  2 plants (Lair:6)
707 creatures vanquished.

Vanquished Creatures (collateral kills)
  Nikola (Swamp:1)
  A hydra (Swamp:1)
  3 hornets (Swamp:1)
  3 spriggans (Swamp:1)
8 creatures vanquished.

Vanquished Creatures (others)
  An ogre mage (D:15)
  A spiny frog (Swamp:1)
  A bog body (Swamp:1)
  2 swamp worms (Swamp:1)
  A slave (D:5)
  An adder (D:5)
  A bush (Lair:6)
  31 fungi (Lair:6)
  19 plants
58 creatures vanquished.

Grand Total: 773 creatures vanquished

Notes
Turn   | Place    | Note
-------+----------+-------------------------------------------
     0 | D:1      | Fang the Gargoyle Berserker began the quest for the Orb.
     0 | D:1      | Reached XP level 1. HP: 14/14 MP: 1/1
   218 | D:1      | Reached XP level 2. HP: 19/19 MP: 2/2
   758 | D:2      | Found a stormy altar of Qazlal.
   821 | D:2      | Reached XP level 3. HP: 24/24 MP: 3/3
  1064 | D:2      | Noticed Natasha
  1074 | D:2      | Killed Natasha
  1074 | D:2      | Reached ** piety under Trog
  1074 | D:2      | Reached XP level 4. HP: 22/30 MP: 4/4
  1380 | D:2      | Found a sparkling altar of Nemelex Xobeh.
  1381 | D:2      | Found a deep blue altar of Sif Muna.
  1381 | D:2      | Found a basalt altar of Yredelemnul.
  1529 | D:2      | Noticed Natasha
  1543 | D:2      | Killed Natasha
  1621 | D:2      | Noticed Natasha
  1649 | D:2      | Killed Natasha
  1649 | D:2      | Reached XP level 5. HP: 34/34 MP: 5/5
  2258 | D:3      | Found a white marble altar of Elyvilon.
  2652 | D:4      | Reached *** piety under Trog
  2652 | D:4      | Reached XP level 6. HP: 29/39 MP: 6/6
  2745 | D:4      | Noticed a phantom
  2769 | D:4      | Killed a phantom
  3106 | D:4      | Reached XP level 7. HP: 40/44 MP: 7/7
  3138 | D:4      | Reached skill level 5 in Axes
  3799 | D:5      | Entered Level 5 of the Dungeon
  3920 | D:5      | Noticed Edmund
  3929 | D:5      | Killed Edmund
  3929 | D:5      | Reached skill level 5 in Fighting
  3969 | D:5      | Found a bloodstained altar of Trog.
  4070 | D:5      | Found a staircase to the Ecumenical Temple.
  4190 | D:5      | Noticed Pikel
  4205 | D:5      | Killed Pikel
  4205 | D:5      | Reached skill level 1 in Stealth
  4205 | D:5      | Reached XP level 8. HP: 50/50 MP: 8/8
  4215 | Temple   | Entered the Ecumenical Temple
  4423 | D:5      | Reached **** piety under Trog
  4930 | D:5      | Found an opulent altar of Gozag.
  5381 | D:5      | Reached skill level 5 in Armour
  5652 | D:6      | Found Ethe's Book Shop.
  5730 | D:6      | Reached XP level 9. HP: 55/55 MP: 9/9
  6140 | D:6      | Found a radiant altar of Vehumet.
  6801 | D:7      | Found a sacrificial altar of Ru.
  6893 | D:7      | Reached ***** piety under Trog
  7100 | D:8      | Found a runed door.
  7106 | D:8      | Noticed buriedalive's ghost (novice DEFE)
  7168 | D:8      | Noticed Maurice
  7271 | D:8      | Reached XP level 10. HP: 44/63 MP: 10/10
  7463 | D:8      | Killed Maurice
  7463 | D:8      | Reached skill level 5 in Dodging
  7919 | D:8      | Noticed Joseph
  7920 | D:8      | Found a blossoming altar of Fedhas.
  7959 | D:8      | Killed Joseph
  7959 | D:8      | Reached skill level 10 in Axes
  8388 | D:8      | Found a blossoming altar of Fedhas.
  8422 | D:8      | Noticed a two-headed ogre
  8435 | D:8      | Killed buriedalive's ghost
  8934 | D:9      | Found a shadowy altar of Dithmenos.
  8957 | D:9      | Paralysed by fainting for 5 turns
  9019 | D:9      | Found a staircase to the Lair.
  9150 | D:9      | Reached XP level 11. HP: 61/68 MP: 11/11
  9367 | D:9      | Noticed Prince Ribbit
  9434 | D:9      | Noticed a two-headed ogre
  9446 | D:9      | Killed a two-headed ogre
  9521 | D:9      | Killed Prince Ribbit
  9713 | D:10     | Entered Level 10 of the Dungeon
  9729 | D:10     | Noticed a two-headed ogre
  9745 | D:10     | Killed a two-headed ogre
 10677 | D:11     | Received a gift from Trog
 10861 | D:11     | Found a flagged portal.
 10872 | D:11     | Got a pitted hand axe
 10873 | D:11     | Identified the +1 hand axe of the Pits of Slime {protect,
                  | +Blink +Inv rC+} (You found it on level 11 of the Dungeon)
 10881 | Bailey   | Entered a bailey
 11217 | D:11     | Noticed a cyclops
 11237 | D:11     | Killed a cyclops
 11350 | D:11     | Found a staircase to the Orcish Mines.
 11486 | D:11     | Got a faintly humming cloak
 11497 | D:11     | Identified the +1 cloak of Oxiluamp {*Contam rPois rN++
                  | Int+8} (You found it on level 11 of the Dungeon)
 11525 | D:11     | Gained mutation: You tend to lose your temper in combat.
                  | [mutagenic glow]
 11590 | D:11     | Noticed a soul eater
 11691 | D:11     | Killed an unseen horror
 11955 | D:11     | Noticed a five-headed hydra
 11978 | D:11     | Killed a 19-headed hydra
 12620 | Lair:1   | Entered Level 1 of the Lair of Beasts
 12837 | Lair:1   | Noticed an oklob plant
 12990 | Lair:1   | Reached XP level 12. HP: 75/76 MP: 12/12
 13066 | Lair:1   | Reached skill level 10 in Fighting
 14068 | Lair:2   | Found a hole to the Spider Nest.
 15015 | Lair:3   | Reached XP level 13. HP: 84/85 MP: 13/13
 15016 | Lair:3   | Lost mutation: You tend to lose your temper in combat.
                  | [potion of mutation]
 15016 | Lair:3   | Gained mutation: Your magical capacity is low. (-10% MP)
                  | [potion of mutation]
 15016 | Lair:3   | Gained mutation: You are partially covered in iridescent
                  | scales. (AC +2) [potion of mutation]
 15016 | Lair:3   | Gained mutation: Your magical capacity is very low. (-20%
                  | MP) [potion of mutation]
 15016 | Lair:3   | Gained mutation: You possess an exceptional clarity of
                  | mind. [potion of mutation]
 15461 | Lair:3   | Lost mutation: Your magical capacity is very low. (-20% MP)
                  | [potion of mutation]
 15461 | Lair:3   | Gained mutation: Your muscles are strong. (Str +2) [potion
                  | of mutation]
 15461 | Lair:3   | Gained mutation: Your mind is acute. (Int +2) [potion of
                  | mutation]
 15461 | Lair:3   | Gained mutation: You are partially covered in yellow
                  | scales. (AC +2) [potion of mutation]
 15516 | Lair:3   | Identified the Volume of the Earthen Voyage
 16002 | Lair:3   | Found a staircase to the Swamp.
 16255 | Lair:4   | Received a gift from Trog
 16341 | Lair:4   | Reached skill level 10 in Armour
 17405 | Lair:5   | Gained mutation: Your large and strong wings let you fly
                  | indefinitely. [Gargoyle growth]
 17405 | Lair:5   | Reached XP level 14. HP: 56/92 MP: 12/12
 17708 | Lair:5   | Found a staircase to the Slime Pits.
 17710 | Lair:5   | Found a viscous altar of Jiyva.
 18579 | Lair:6   | Entered Level 6 of the Lair of Beasts
 18738 | Lair:6   | Found a frozen archway.
 18784 | Lair:6   | Got a pair of faintly glowing boots
 18790 | Lair:6   | Identified the +1 pair of boots of Gousm {rF+ Dex+7 Stlth+}
                  | (You found it on level 6 of the Lair of Beasts)
 19602 | Lair:6   | Reached skill level 15 in Axes
 19872 | Lair:6   | Received a gift from Trog
 20990 | D:12     | Noticed Snorg
 21019 | D:12     | Killed Snorg
 21567 | D:12     | Noticed Josephine
 21580 | D:12     | Reached XP level 15. HP: 101/101 MP: 13/13
 21593 | D:12     | Killed Josephine
 21778 | D:12     | Found a bloodstained altar of Trog.
 21839 | D:12     | Noticed Erolcha
 21851 | D:12     | Killed Erolcha
 21985 | D:12     | Reached ****** piety under Trog
 22403 | D:13     | Received a gift from Trog
 23665 | D:14     | Reached skill level 15 in Fighting
 23865 | D:14     | Found a gate to the Vaults.
 24284 | D:15     | Entered Level 15 of the Dungeon
 24324 | D:15     | Found a staircase to the Depths.
 25543 | Orc:1    | Entered Level 1 of the Orcish Mines
 25546 | Orc:1    | Noticed Gastronok
 25582 | Orc:1    | Received a gift from Trog
 25594 | Orc:1    | Killed Gastronok
 25742 | Orc:1    | Found a roughly hewn altar of Beogh.
 26081 | Orc:2    | Entered Level 2 of the Orcish Mines
 26180 | Orc:2    | Found a staircase to the Elven Halls.
 26319 | Orc:2    | Found Onan's General Store.
 26406 | Orc:2    | Noticed an orc warlord
 26855 | Orc:2    | Found Mod Rikh's Book Emporium.
 26855 | Orc:2    | Found a roughly hewn altar of Beogh.
 26924 | Orc:2    | Reached XP level 16. HP: 68/109 MP: 14/14
 27123 | Orc:2    | Paralysed by an orc sorcerer for 3 turns
 27599 | Orc:2    | Found Jamul's Antique Weapon Emporium.
 27739 | Orc:2    | Found Oxowner's Antique Armour Emporium.
 27753 | Orc:2    | Found Ezaezxi's General Store.
 28155 | Swamp:1  | Entered Level 1 of the Swamp
 29302 | Swamp:1  | Noticed Nikola
 29363 | Swamp:1  | Received a gift from Trog
 29709 | Swamp:1  | Found an ancient bone altar of Kikubaaqudgha.
 29758 | Swamp:1  | Killed Nikola
 29804 | Swamp:1  | Gained mutation: Scrolls take you a little longer to read.
                  | [mutagenic glow]
 30669 | Swamp:2  | HP: 4/110 [19-headed hydra[a spriggan druid] (12)]
 30669 | Swamp:2  | Slain by a 19-headed hydra

Skill      XL: |  1  2  3  4  5  6  7  8  9 10 11 12 13 14 15 16 |
---------------+-------------------------------------------------+-----
Axes           | 3 4 6 7 9 10 12 14 15 16 | 16.6
Fighting       | 4 5 7 8 9 11 12 14 15 16 | 16.3
Dodging        | 2 3 4 5 6 7 |  7.0
Armour         | 3 4 5 6 8 9 10 11 13 14 | 14.0
Stealth        | 1 2 |  2.6
Unarmed Combat | |  0.6
Evocations     | |  0.2

Action                   |  1- 3 |  4- 6 |  7- 9 | 10-12 | 13-15 | 16-18 || total
-------------------------+-------+-------+-------+-------+-------+-------++-------
Melee: Hand axe          |    89 |   201 |   391 |   465 |  2038 |   464 ||  3648
       Unarmed           |       |     5 |       |       |       |       ||     5
       Punch             |       |     1 |     2 |     1 |     8 |     2 ||    14
       War axe           |       |       |   198 |   411 |       |       ||   609
       Battleaxe         |       |       |       |    17 |       |       ||    17
Invok: Berserk           |       |     2 |     5 |     5 |    17 |     5 ||    34
       Brothers in Arms  |       |       |       |       |     3 |     3 ||     6
 Abil: Fly               |       |       |       |       |     1 |       ||     1
       Evoke Invisibilit |       |       |       |       |     1 |       ||     1
Evoke: Wand              |       |       |       |       |     1 |       ||     1
  Use: Scroll            |       |       |    11 |    22 |    12 |     1 ||    46
       Potion            |       |       |       |     2 |     4 |     4 ||    10
 Stab: Sleeping          |     1 |       |       |       |       |       ||     1
       Confused          |       |       |       |     2 |       |       ||     2
       Distracted        |       |       |       |       |     2 |       ||     2
  Eat: Chunk             |       |     9 |    15 |    15 |    38 |    11 ||    88
       Ration            |       |       |     1 |     5 |     7 |     3 ||    16
Armor: Animal skin       |    37 |       |       |       |       |       ||    37
       Ring mail         |     4 |   122 |   348 |   191 |       |       ||   665
       Skin              |       |     1 |       |     2 |       |       ||     3
       Plate armour      |       |       |       |   618 |  1325 |   517 ||  2460
Dodge: Dodged            |    57 |   135 |   392 |   572 |  1242 |   567 ||  2965
